 Dungeon Crawl Stone Soup version 0.28.0-1-gb440e238dd (webtiles) character file.

Game seed: 9012648464192002622

65 Snicker the Sneak (level 3, 0/29 HPs)
             Began as a Demonspawn Delver on Feb 22, 2022.
             Was a Follower of Kikubaaqudgha.
             Slain by an orc (6 damage)
             ... on level 3 of the Dungeon.
             The game lasted 00:08:01 (3864 turns).

Snicker the Sneak (Demonspawn Delver)               Turns: 3864, Time: 00:08:02

Health: 0/29       AC:  3    Str: 12    XL:     3   Next: 92%
Magic:  3/3        EV: 12    Int: 11    God:    Kikubaaqudgha [*.....]
Gold:   112        SH:  0    Dex: 16    Spells: 1/2 levels left

rFire   . . .      SeeInvis .   a - +0 short sword
rCold   . . .      Faith    .   (no shield)
rNeg    . . .      Spirit   .   n - +0 leather armour
rPois   .          Reflect  .   (no helmet)
rElec   .          Harm     .   i - scarf {shadows}
rCorr   .          Rampage  .   (no gloves)
Will    .....                   (no boots)
Stlth   +.........              (no amulet)
HPRegen 0.09/turn               (no ring)
MPRegen 0.08/turn               (no ring)

@: confused
A: sturdy frame 1
a: Renounce Religion, Receive Corpses


You were on level 3 of the Dungeon.
You worshipped Kikubaaqudgha.
Kikubaaqudgha was aware of your devotion.
You visited 1 branch of the dungeon, and saw 5 of its levels.

You collected 112 gold pieces.

Inventory:

Hand Weapons
 a - a +0 short sword (weapon)
 b - a +2 mace of draining
Missiles
 m - 9 poisoned darts (quivered)
Armour
 i - a scarf of shadows (worn)
 n - a +0 leather armour (worn)
Wands
 g - a wand of digging (3)
Scrolls
 c - a scroll of fog
 d - a scroll of magic mapping
 h - a scroll of teleportation {unknown}
 j - a scroll of amnesia {unknown}
 k - 6 scrolls of immolation
 l - a scroll of enchant weapon {unknown}
Potions
 f - a potion of haste
 o - a potion of curing {unknown}
 p - a potion of brilliance
 q - a potion of lignification {unknown}


   Skills:
 + Level 3.1 Fighting
 * Level 2.7 Short Blades
 + Level 0.4 Armour
 + Level 2.0 Dodging
 * Level 5.2 Stealth


You had one spell level left.
You knew the following spells:

 Your Spells              Type           Power      Damage    Failure   Level
a - Animate Skeleton      Necr           0%         N/A       36%         1

Your spell library contained the following spells:

 Spells                   Type           Power      Damage    Failure   Level
 Magic Dart               Conj           0%         1d3       36%         1
 Pain                     Necr           0%         1d4       36%         1
 Blink                    Tloc           0%         N/A       50%         2
 Searing Ray              Conj           0%         2d4       50%         2
 Sublimation of Blood     Necr           0%         N/A       50%         2
 Fulminant Prism          Conj/Hex       0%         3d6       98%         4
 Agony                    Necr           0%         N/A       100%        5
 Manifold Assault         Tloc           0%         N/A       100%        5
 Storm Form               Tmut/Air       0%         N/A       100%        7


Dungeon Overview and Level Annotations

Branches:
Dungeon (5/15)
 Temple: D:4-7

Altars:
Elyvilon
Kikubaaqudgha


Innate Abilities, Weirdness & Mutations

Your movements are slightly less encumbered by armour. (ER -2)


Message History

The orc hits you from afar with a +0 trident.
You hit the orc.
The orc is moderately wounded.
You hear some strange, mumbled words.
Something tries to affect you, but you resist.
The orc closely misses you. The orc hits you but does no damage.
You hit the orc but do no damage.
The orc is moderately wounded.
Something hits you. The orc misses you. The orc barely misses you.
You hit the orc but do no damage.
The orc is lightly wounded.
Something hits you but does no damage. The orc misses you.
The orc closely misses you.
You barely miss the orc.
The orc is lightly wounded.
Something hits you. The orc closely misses you. The orc misses you.
You hear some strange, mumbled words.
A puff of flame appears from out of thin air!
The puff of flame misses you.
A magic dart appears from out of thin air!
The magic dart hits you!
* * * LOW HITPOINT WARNING * * *
Okay, then.
A puff of flame appears from out of thin air!
The puff of flame misses you.
You feel a little less clever now.
You are confused.
You bump into the rock wall.
You are more confused.
You bump into the rock wall.
You bump into the rock wall.
You bump into the rock wall.
You bump into the rock wall.
You hear some strange, mumbled words.
Something tries to affect you, but you resist.
You bump into the rock wall.
You're too confused to move!
Something hits you but does no damage.
The orc hits you from afar with a +0 trident.
You die...
Kikubaaqudgha rasps: "You have failed me!
Welcome... death!"

###### #....#
######################....#######
#o..........ooo.@................
#o####################....#######
#)# ####....###.... #.#
#.........#.### #o######
#.##....#.#.#.. .......#
#..†....#.#.#.# .......#
#####'##.# #.#.# .......#########
#........# #.#.. ....#.....†....#
#........# #.###


You could see 3 orcs.

Vanquished Creatures
  2 adders
  An adder zombie (D:3)
  3 dart slugs
  An orc (D:3)
  4 endoplasms
  A giant cockroach (D:2)
  4 hobgoblins
  2 quokkas
  4 ball pythons
  3 frilled lizards
  7 goblins
  A kobold (D:2)
  4 rats
37 creatures vanquished.

Vanquished Creatures (others)
  A withered plant (D:3)
1 creature vanquished.

Grand Total: 38 creatures vanquished

Notes
Turn   | Place    | Note
-------+----------+-------------------------------------------
     0 | D:5      | Snicker the Demonspawn Delver began the quest for the Orb.
     0 | D:5      | Reached XP level 1. HP: 18/18 MP: 1/1
    40 | D:4      | Noticed an iguana
   334 | D:5      | Noticed an orc wizard
   911 | D:2      | Gained mutation: Your movements are slightly less
                  | encumbered by armour. (ER -2) [demonic ancestry]
   911 | D:2      | Reached XP level 2. HP: 20/24 MP: 2/2
  1460 | D:2      | Reached skill level 5 in Stealth
  1962 | D:1      | Reached XP level 3. HP: 25/29 MP: 3/3
  2945 | D:2      | Found a faded altar of an unknown god.
  2951 | D:2      | Prayed at the altar of an unknown god.
  2951 | D:2      | Became a worshipper of Kikubaaqudgha
  2951 | D:2      | Reached * piety under Kikubaaqudgha
  2951 | D:2      | Received a gift from Kikubaaqudgha
  2956 | D:2      | Learned a level 1 spell: Animate Skeleton
  3864 | D:3      | Slain by an orc

Illustrated notes

Levels and vault maps discovered:
D:1:      dpeg_arrival_three_smaller_balls, layout_basic, minivault_27
D:2:      layout_loops_ring, hellmonk_ecumenical_altar_blasted, basic_altar,
          minmay_goblin_kobold_house
D:3:      layout_basic, serial_undead, serial_undead_b, serial_undead_c,
          serial_undead_f, serial_undead_e, serial_undead_d, moated_statue,
          minmay_joined_circles
D:4:      layout_rooms, sigmund_army, uniq_crazy_yiuf_cottage
D:5:      layout_gridville, dk_rats_in_the_wall

Skill      XL: |  1  2  3 |
---------------+----------+-----
Short Blades   | 2 |  2.7
Stealth        | 5 |  5.2
Dodging        | 2 |  2.0
Fighting       | |  3.1
Armour         | |  0.4

Action                   || total
-------------------------++-------
Melee: Short sword       ||   179
  Use: Potion            ||     3
       Scroll            ||     1
 Stab: Sleeping          ||     9
       Invisible         ||     1
Armor: Leather armour    ||    41
Dodge: Dodged            ||    83
